Map: Eindringling LE

Players

Panda - Winner!

  • Race: Zerg Zerg
  • League: Platinum
  • Spawn Location: 11:00

RebornPropht

  • Race: Protoss Protoss
  • League: Diamond
  • Spawn Location: 5:00

VOD

Have the link to the VOD?

Description

Time

  • Played on: Sept. 5, 2017, 1:37 p.m.
  • Length: 2:58
Show
View Real Time Build Order
Export as new Build Order

Panda Zerg - Winner!

Build Orders: Pool Only 

Get SALT Encoding   

  12  0:00  Drone  
  13  0:15  Extractor  
  12  0:24  Spawning Pool  
  11  0:29  Drone  
  11  0:33  Drone  
  13  0:38  Drone  
  14  0:49  Overlord  
  14  1:13  Queen  
  14  1:14  Zergling x4  
  18  1:21  Zergling x2  
  19  1:26  Metabolic Boost  
  19  1:31  Zergling x2  
  20  1:36  Zergling x2  
  21  1:46  Zergling x2  
  22  1:58  Overlord  
  20  2:16  Zergling x2  
  21  2:26  Zergling x2  
  21  2:27  Zergling x6  
Show
View Real Time Build Order
Export as new Build Order

RebornPropht Protoss 

Build Orders:  

Get SALT Encoding   

  12  0:01  Probe (Chrono Boost)  
  13  0:11  Probe (Chrono Boost)  
  14  0:24  Probe (Chrono Boost)  
  14  0:26  Pylon  
  15  0:44  Probe (Chrono Boost)  
  15  0:49  Assimilator  
  16  0:51  Gateway  
  16  0:55  Probe (Chrono Boost)  
  17  1:16  Probe (Chrono Boost), Gateway  
  17  1:17  Pylon  
  18  1:27  Probe (Chrono Boost)  
  19  1:37  Probe (Chrono Boost)  
  19  1:39  Cybernetics Core  
  20  1:42  Zealot (Chrono Boost)  
  22  1:54  Assimilator  
  22  2:07  Zealot (Chrono Boost)  
  22  2:21  Pylon  
Tags
 
Matchup
PvZ
Opening
Pool Only
Replay Pack
replays1
Spawn Locations
Cross Positions
Add a new tag
Caveats
  • Supply blocks, unpowered buildings, or Contaminate may cause inaccurate times.
  • Supply counts are checked every 10 seconds.